[Event "ICC Open 2015"]
[Site "Internet Chess Club"]
[Date "2015.05.30"]
[Round "11"]
[White "Darnoc"]
[Black "RafaNadal"]
[Result "1-0"]
[ICCResult "Black resigns"]
[WhiteElo "3006"]
[BlackElo "2816"]
[Opening "QGD Slav: 3.Nf3"]
[ECO "D11"]
[NIC "SL.01"]
[Time "20:46:00"]
[TimeControl "180+0"]

1. d4 d5 2. c4 c6 3. Nf3 e6 4. e3 f5 5. Bd3 Nh6 6. O-O Nd7 7. b3 Bd6 8. Ba3
Bxa3 9. Nxa3 O-O 10. b4 Qe7 11. Qb3 a6 12. Nb1 Kh8 13. Nc3 Ng4 14. b5 axb5
15. cxb5 c5 16. dxc5 Nxc5 17. Qb4 Re8 18. Be2 Ne4 19. Qxe7 Rxe7 20. Nxe4
fxe4 21. Nd2 Ne5 22. Rfc1 b6 23. a4 Bb7 24. Nb3 g6 25. a5 bxa5 26. Nxa5 Nd3
27. Rc3 e5 28. Rca3 d4 29. exd4 exd4 30. Nb3 Rxa3 31. Rxa3 Nf4 32. Nxd4 Rd7
33. g3 Rxd4 34. gxf4 Rd2 35. Kf1 Rb2 36. Ke1 Bd5 37. Rc3 Kg7 38. Rc5 Be6 39.
Re5 Bf5 40. h4 Kf6 41. h5 gxh5 42. Bxh5 Bg6 43. Be2 Bf5 44. Kd1 h6 45. Ke1
Rc2 46. b6 Rb2 47. Rb5 Rxb5 48. Bxb5 Bc8 49. Bc6 Kf5 50. b7 Bxb7 51. Bxb7
Kxf4 52. Ke2 h5 53. Bc8 h4 54. Bd7 Ke5 55. Ke3 Kd5 56. Bh3 Ke5 57. Bg2 Kf5
58. Bxe4+ Kg4 59. f4 h3 60. Bd5 h2 61. Bh1 Kf5 62. Kf3 Kg6 63. Kg3 Kf5 64.
Bf3 Kg6 65. Kxh2 Kf5 66. Kg3 Kf6 67. Bg4 Kg6 68. f5+ Kg5 69. Kf3 Kf6 70. Kf4
Kf7 71. Kg5 Kg7 72. f6+ {Black resigns} 1-0

[Event "ICC Open 2015"]
[Site "Internet Chess Club"]
[Date "2015.05.30"]
[Round "11"]
[White "Cinzento"]
[Black "a-man"]
[Result "1-0"]
[ICCResult "Black checkmated"]
[WhiteElo "1778"]
[BlackElo "1413"]
[Opening "Two knights defense"]
[ECO "C55"]
[NIC "KP.02"]
[Time "20:46:06"]
[TimeControl "180+0"]

1. e4 e5 2. Nf3 Nc6 3. Bc4 Nf6 4. d4 exd4 5. O-O d6 6. Nxd4 Be7 7. Nc3 O-O
8. f3 Bd7 9. Nce2 Na5 10. Bd3 Qe8 11. c3 c5 12. Nb3 Nxb3 13. Qxb3 b6 14. Nf4
Rc8 15. c4 Ba4 16. Qc3 a6 17. Be3 Qd7 18. Bc2 Bxc2 19. Qxc2 b5 20. Rfd1 bxc4
21. Qxc4 Qb5 22. b3 Qxc4 23. bxc4 Nd7 24. Nd5 Nf6 25. Nxe7+ Kh8 26. Nxc8
Rxc8 27. Rxd6 Rb8 28. Rad1 h6 29. Rd8+ Rxd8 30. Rxd8+ Kh7 31. Bxc5 g6 32.
Ra8 Kg7 33. Rxa6 g5 34. Bd4 Kg6 35. Bxf6 h5 36. Be5+ Kh7 37. Rf6 Kg7 38.
Rf5+ Kh6 39. h4 gxh4 40. Rxf7 Kg6 41. Rg7+ Kh6 42. f4 h3 43. f5 hxg2 44. f6
h4 45. f7 h3 46. f8=Q h2+ 47. Kxh2 g1=Q+ 48. Kxg1 Kh5 49. Qh8#
{Black checkmated}
1-0

[Event "ICC Open 2015"]
[Site "Internet Chess Club"]
[Date "2015.05.30"]
[Round "11"]
[White "ghorok"]
[Black "pierredams"]
[Result "1-0"]
[ICCResult "Black checkmated"]
[WhiteElo "1780"]
[BlackElo "1884"]
[Opening "QGD Slav defense: exchange variation"]
[ECO "D13"]
[NIC "SL.01"]
[Time "20:46:30"]
[TimeControl "180+0"]

1. d4 c6 2. c4 d5 3. cxd5 cxd5 4. Nc3 Nc6 5. Nf3 Nf6 6. Bf4 Qb6 7. Qc2 Nxd4
8. Nxd4 Qxd4 9. Be3 Qb4 10. a3 Qa5 11. b4 Qc7 12. Rc1 e6 13. g3 Bd7 14. Bf4
Qc6 15. b5 Qb6 16. a4 Rc8 17. Bg2 Qa5 18. Bd2 Qc7 19. Qb2 Qe5 20. O-O Be7
21. Bf4 Qf5 22. Rc2 O-O 23. Rfc1 h6 24. Na2 Rxc2 25. Rxc2 e5 26. Bxe5 Rc8
27. Rxc8+ Bxc8 28. Bd4 b6 29. Qc3 Be6 30. Nb4 Bxb4 31. Qxb4 Ne4 32. Qe7 Ng5
33. Qd8+ Kh7 34. Qf8 Qb1+ 35. Bf1 Qe4 36. Qxg7# {Black checkmated} 1-0

[Event "ICC Open 2015"]
[Site "Internet Chess Club"]
[Date "2015.05.30"]
[Round "11"]
[White "slothchess"]
[Black "nowornever"]
[Result "1-0"]
[ICCResult "Black checkmated"]
[WhiteElo "1849"]
[BlackElo "1949"]
[Opening "Sicilian: Alapin's variation (2.c3)"]
[ECO "B22"]
[NIC "SI.46"]
[Time "20:45:48"]
[TimeControl "180+0"]

1. e4 c5 2. c3 Nc6 3. d4 cxd4 4. cxd4 d5 5. exd5 Qxd5 6. Nf3 Bg4 7. Be2
O-O-O 8. O-O Bxf3 9. Bxf3 Qxd4 10. Qb3 Qb6 11. Qxf7 Nf6 12. Nc3 Ne5 13. Qb3
Nxf3+ 14. gxf3 Qc6 15. Nb5 Kb8 16. Bf4+ e5 17. Bxe5+ Bd6 18. Nxd6 Rxd6 19.
Rac1 Qb6 20. Qe6 Rd8 21. Bxd6+ Qxd6 22. Rc8+ Rxc8 23. Qxd6+ Ka8 24. Qe7 Nd5
25. Qxg7 Nf4 26. Qxh7 a6 27. Rd1 Ka7 28. h4 Rc5 29. Rd7 Rb5 30. Qe4 Nh5 31.
Qe3+ Kb8 32. Qd4 Nf6 33. Rd8+ Kc7 34. Qd6# {Black checkmated} 1-0

[Event "ICC Open 2015"]
[Site "Internet Chess Club"]
[Date "2015.05.30"]
[Round "11"]
[White "paulmagriel"]
[Black "Cave-Man"]
[Result "1-0"]
[ICCResult "Black resigns"]
[WhiteElo "2050"]
[BlackElo "1835"]
[Opening "QGD: exchange, positional line, 6.Qc2"]
[ECO "D36"]
[NIC "QO.16"]
[Time "20:45:39"]
[TimeControl "180+0"]

1. d4 Nf6 2. c4 e6 3. Nc3 d5 4. cxd5 exd5 5. Bg5 c6 6. Qc2 Be7 7. e3 O-O 8.
Bd3 h6 9. Bh4 Be6 10. Nge2 b5 11. Rd1 a5 12. O-O a4 13. f3 Nbd7 14. Bf2 Qa5
15. Kh1 b4 16. Nb1 Rfb8 17. Nd2 c5 18. dxc5 Nxc5 19. Nd4 Nxd3 20. Qxd3 Qa6
21. Qb1 Rc8 22. Rc1 Rxc1 23. Rxc1 Rc8 24. Rxc8+ Qxc8 25. Qc2 Qxc2 26. Nxc2
Bd7 27. Nd4 Bd6 28. Nf1 Ne8 29. Ng3 Nc7 30. Be1 Nb5 31. Nge2 Nxd4 32. Nxd4
Kf8 33. b3 axb3 34. axb3 Bc5 35. Nc2 Ke7 36. Bxb4 Kd6 37. Bxc5+ Kxc5 38. Nd4
Kb4 39. Kg1 Kc3 40. Kf2 Kd3 41. Ne2 Kc2 42. Nf4 Bc6 43. b4 Kc3 44. b5 Bb7
45. Ne2+ Kd3 46. Nd4 g6 47. Nc6 Kc4 48. Nd8 Bc8 49. b6 {Black resigns} 1-0

[Event "ICC Open 2015"]
[Site "Internet Chess Club"]
[Date "2015.05.30"]
[Round "11"]
[White "Ernani"]
[Black "Parsifal"]
[Result "1-0"]
[ICCResult "Black resigns"]
[WhiteElo "2659"]
[BlackElo "2440"]
[Opening "English opening"]
[ECO "A30"]
[NIC "QP.11"]
[Time "20:46:33"]
[TimeControl "180+0"]

1. Nf3 Nf6 2. c4 c5 3. g3 e6 4. Bg2 d5 5. O-O Nc6 6. cxd5 Nxd5 7. d3 Be7 8.
Nc3 O-O 9. Bd2 b6 10. a3 a5 11. Qa4 Bb7 12. Rfc1 Qd7 13. Qb3 Rab8 14. Nxd5
exd5 15. Bf4 Bd6 16. Bxd6 Qxd6 17. Qxb6 Ba8 18. Qxc5 Qf6 19. Qxd5 Qxb2 20.
Qa2 Qf6 21. Rab1 h6 22. e3 Rfd8 23. d4 a4 24. Nd2 Na5 25. Rxb8 Rxb8 26. Bxa8
Rxa8 27. Qd5 Qa6 28. Rc7 Rf8 29. Nc4 Nb3 30. Qc6 Qxc6 31. Rxc6 Rb8 32. Rb6
Rc8 33. Rb4 {Black resigns} 1-0

[Event "ICC Open 2015"]
[Site "Internet Chess Club"]
[Date "2015.05.30"]
[Round "11"]
[White "saya"]
[Black "HaraldEskilstu"]
[Result "1-0"]
[ICCResult "Black resigns"]
[WhiteElo "2596"]
[BlackElo "2079"]
[Opening "Benko's opening"]
[ECO "A00"]
[NIC "VO.09"]
[Time "20:46:08"]
[TimeControl "180+0"]

1. g3 d5 2. Bg2 Nc6 3. Nf3 e5 4. O-O f6 5. c4 Be6 6. cxd5 Bxd5 7. Nc3 Be6 8.
d3 Qd7 9. a3 O-O-O 10. b4 Kb8 11. Be3 Bh3 12. Ne4 h5 13. b5 Nd4 14. Bxd4
exd4 15. a4 h4 16. a5 hxg3 17. fxg3 Bxg2 18. Kxg2 Bd6 19. Qb3 Ne7 20. Rfc1
Be5 21. b6 cxb6 22. axb6 a6 23. Nc5 Qd6 24. Nxa6+ bxa6 25. Rxa6 Qd5 26. Qa4
Rc8 27. Ra5 Rxc1 28. Rxd5 Nxd5 29. Qa7+ Kc8 30. Qa8+ Bb8 31. Qxd5 Rd8 32.
Qf7 Rd7 33. Qe8+ Rd8 34. Qf7 Rd7 35. Qg8+ Rd8 36. Qxg7 Rc2 37. Qg4+ Kb7 38.
Nxd4 Kxb6 39. Nxc2 {Black resigns} 1-0

[Event "ICC Open 2015"]
[Site "Internet Chess Club"]
[Date "2015.05.30"]
[Round "11"]
[White "VictorRed"]
[Black "NachoAverageKid"]
[Result "0-1"]
[ICCResult "White resigns"]
[WhiteElo "1825"]
[BlackElo "2230"]
[Opening "Neo-Grünfeld, 6.O-O c6"]
[ECO "D78"]
[NIC "QP.06"]
[Time "20:46:17"]
[TimeControl "180+0"]

1. d4 Nf6 2. Nf3 g6 3. g3 Bg7 4. Bg2 O-O 5. O-O c6 6. c4 d5 7. Nc3 Nbd7 8.
cxd5 Nxd5 9. Nxd5 cxd5 10. Bg5 h6 11. Be3 Re8 12. Qd2 Nf6 13. Bxh6 Ne4 14.
Qc1 Bg4 15. Bxg7 Kxg7 16. Re1 Rc8 17. Qe3 Rc2 18. Ne5 Bf5 19. Bxe4 Bxe4 20.
f3 Bf5 21. g4 Be6 22. Rab1 Qa5 23. a3 Rxb2 24. Rxb2 Qxe1+ 25. Kg2 b6 26. f4
Qh4 27. f5 gxf5 28. gxf5 Bxf5 29. Rb3 Qe4+ 30. Qxe4 Bxe4+ 31. Kf2 Rh8 32.
Rg3+ Kf6 33. h3 Ke6 34. e3 f6 35. Ng4 Rc8 36. Ke1 Rc1+ 37. Kd2 Rc2+ 38. Kd1
Ra2 39. h4 Rxa3 40. h5 Ra1+ 41. Ke2 Rh1 42. h6 Bf5 {White resigns} 0-1

[Event "ICC Open 2015"]
[Site "Internet Chess Club"]
[Date "2015.05.30"]
[Round "11"]
[White "Ramanip15"]
[Black "bythebook"]
[Result "1-0"]
[ICCResult "Black forfeits on time"]
[WhiteElo "1895"]
[BlackElo "1615"]
[Opening "Caro-Kann: two knights variation"]
[ECO "B10"]
[NIC "CK.01"]
[Time "20:46:20"]
[TimeControl "180+0"]

1. e4 c6 2. Nf3 d5 3. Nc3 dxe4 4. Nxe4 Nf6 5. Neg5 h6 6. Nxf7 Kxf7 7. Ne5+
Kg8 8. Bc4+ e6 9. O-O Bd6 10. Ng6 Rh7 11. d4 Qe8 12. Nf4 Nd5 13. Nxd5 exd5
14. Bd3 Rh8 15. Re1 Qf7 16. Re3 Nd7 17. Rf3 Nf6 18. Bf5 Bxf5 19. Rxf5 Re8
20. Bd2 Qg6 21. Qf3 Kh7 22. h3 Ne4 23. Be3 Rhf8 24. Rxf8 Rxf8 25. Qe2 Qf5
26. c4 Rf7 27. cxd5 cxd5 28. Rc1 a6 29. Rc2 Bb8 30. b4 Qf6 31. b5 Qd6 32. g3
Nxg3 33. fxg3 Qxg3+ 34. Kh1 Qxh3+ 35. Kg1 Qg3+ 36. Kh1 Qh3+ 37. Kg1 Qg3+ 38.
Qg2 Qxe3+ 39. Rf2 Rxf2 40. Qxf2 Qxf2+ 41. Kxf2 Bd6 42. bxa6
{Black forfeits on time}
1-0

[Event "ICC Open 2015"]
[Site "Internet Chess Club"]
[Date "2015.05.30"]
[Round "11"]
[White "Werewolf"]
[Black "noyb"]
[Result "1-0"]
[ICCResult "Black checkmated"]
[WhiteElo "2194"]
[BlackElo "1999"]
[Opening "Caro-Kann: advance variation"]
[ECO "B12"]
[NIC "CK.04"]
[Time "20:46:03"]
[TimeControl "180+0"]

1. e4 c6 2. d4 d5 3. e5 Bf5 4. h4 h5 5. c4 e6 6. Nc3 Ne7 7. Nge2 Nd7 8. Ng3
Bg6 9. Bg5 Qb6 10. Qd2 Nf5 11. c5 Qc7 12. Nxf5 Bxf5 13. Be2 b6 14. cxb6 axb6
15. Rc1 Qb7 16. O-O Rc8 17. a3 f6 18. exf6 gxf6 19. Be3 Bd6 20. Qd1 Bg6 21.
f4 Kf7 22. Bd3 f5 23. Be2 Nf6 24. Rf3 Ng4 25. Qd2 Qb8 26. Rcf1 Rhg8 27. Kh1
Bh7 28. Rh3 Qc7 29. Bxg4 Rxg4 30. g3 Rcg8 31. Ne2 c5 32. Rh2 c4 33. Bf2 Qb7
34. Rg2 Qe7 35. Qe3 Qf6 36. Ng1 Qg7 37. Nh3 Be7 38. Ng5+ Bxg5 39. fxg5 Re4
40. Qc3 Rc8 41. Re1 Qf8 42. Rxe4 fxe4 43. Be3 Kg8 44. Rf2 Bf5 45. Qe1 Qd6
46. Kh2 b5 47. Qd1 Bg4 48. Qd2 Rf8 49. Bf4 Qe7 50. Qa5 Qd7 51. Kg2 Bf3+ 52.
Kh2 Kg7 53. Be5+ Kg6 54. Bf6 Rc8 55. Rd2 Qc6 56. Rf2 Ra8 57. Qb4 Qd7 58. Rf1
Kf7 59. Qc3 Rb8 60. Rxf3 exf3 61. Qxf3 Kg6 62. Qe2 Qf7 63. Qc2#
{Black checkmated}
1-0

[Event "ICC Open 2015"]
[Site "Internet Chess Club"]
[Date "2015.05.30"]
[Round "11"]
[White "PedroRomero2"]
[Black "Caminator"]
[Result "1-0"]
[ICCResult "Black forfeits on time"]
[WhiteElo "2398"]
[BlackElo "2156"]
[Opening "QGD Slav"]
[ECO "D11"]
[NIC "QP.08"]
[Time "20:45:49"]
[TimeControl "180+0"]

1. d4 d5 2. Nf3 Nf6 3. c4 c6 4. e3 e6 5. Nbd2 Bd6 6. Bd3 O-O 7. O-O Nbd7 8.
b3 e5 9. dxe5 Nxe5 10. Be2 Bf5 11. Bb2 Nd3 12. Bc3 Nc5 13. Nd4 Bg6 14. N2f3
Nfe4 15. Bb2 dxc4 16. Bxc4 Qe7 17. Rc1 Rad8 18. g3 Rfe8 19. Nh4 Nf6 20. Ndf5
Bxf5 21. Nxf5 Qd7 22. Bxf6 Qxf5 23. Bxd8 Rxd8 24. Kg2 Bc7 25. Qf3 Qg6 26.
Rcd1 Re8 27. b4 Ne4 28. Rd7 Ng5 29. Qg4 Be5 30. h4 h5 31. Bxf7+ Qxf7 32.
Rxf7 hxg4 33. Rxb7 Nf3 34. Rd1 Bc3 35. Rxa7 Ne1+ 36. Kf1 Nf3 37. Ke2 Bxb4
38. Rc7 c5 39. Rdd7 Ra8 40. Rxg7+ Kf8 41. Rh7 Rxa2+ 42. Kd3 Rd2+ 43. Kc4 Kg8
44. Rhg7+ Kf8 45. Rxg4 Ne1 46. Rf4+ Ke8 47. Re4+ Kd8 48. Rh7 Rc2+ 49. Kb5
Rd2 50. Rf4 Ke8 51. Rg4 {Black forfeits on time} 1-0

[Event "ICC Open 2015"]
[Site "Internet Chess Club"]
[Date "2015.05.30"]
[Round "11"]
[White "isodung"]
[Black "EREBUNI"]
[Result "1-0"]
[ICCResult "Black resigns"]
[WhiteElo "2918"]
[BlackElo "3062"]
[Opening "Sicilian: closed, Korchnoi variation"]
[ECO "B23"]
[NIC "SI.44"]
[Time "20:46:01"]
[TimeControl "180+0"]

1. e4 c5 2. Nc3 e6 3. g3 d5 4. Bg2 dxe4 5. Nxe4 Be7 6. d3 Nf6 7. Ne2 Nxe4 8.
Bxe4 Nd7 9. Bg2 Nf6 10. O-O O-O 11. h3 Qc7 12. Bf4 e5 13. Bg5 Be6 14. Nc3
Rad8 15. Qe2 h6 16. Bxf6 Bxf6 17. Ne4 Be7 18. b3 f5 19. Nd2 Bf6 20. Rae1
Rfe8 21. Kh1 b6 22. a4 Bf7 23. Nc4 a6 24. Ne3 g6 25. c4 Rd4 26. Nd5 Qd6 27.
Rd1 Kg7 28. Kg1 b5 29. axb5 axb5 30. Nc3 bxc4 31. bxc4 Qe7 32. Nb5 Rdd8 33.
Bc6 Rf8 34. Ra1 e4 35. Ra7 Qe5 36. dxe4 fxe4 37. Re1 e3 38. Qxe3 Qxe3 39.
Rxe3 Kg8 40. Bd7 Ra8 41. Rxa8 Rxa8 42. Be6 Rd8 43. Kg2 Rd2 44. Bxf7+ Kxf7
45. Kf3 g5 46. g4 Bg7 47. Ra3 Bd4 48. Ke4 Bxf2 49. Kf5 Rd7 50. Ra7 Rxa7 51.
Nxa7 Bg3 52. Nc6 Bc7 53. Ne5+ Ke7 54. Nd3 Bd6 55. Nf2 Kf7 56. Ne4 Bf8 57.
Ke5 Be7 58. Kd5 Ke8 59. Nxc5 Bf6 60. Ne4 Be7 61. Ke6 Bb4 62. c5 Kf8 63. c6
Ba5 64. Kd7 Kf7 65. Nd6+ Kf6 66. Nc4 {Black resigns} 1-0

[Event "ICC Open 2015"]
[Site "Internet Chess Club"]
[Date "2015.05.30"]
[Round "11"]
[White "hejajw"]
[Black "playwaycool"]
[Result "1-0"]
[ICCResult "Black checkmated"]
[WhiteElo "2534"]
[BlackElo "2360"]
[Opening "QGD semi-Slav: Stoltz variation"]
[ECO "D45"]
[NIC "SL.08"]
[Time "20:45:44"]
[TimeControl "180+0"]

1. d4 d5 2. Nf3 c6 3. c4 Nf6 4. Nc3 e6 5. e3 Nbd7 6. Qc2 Bd6 7. g4 Nxg4 8.
Rg1 Nxh2 9. Nxh2 Bxh2 10. Rxg7 Nf8 11. Rg2 Bd6 12. e4 dxc4 13. Bg5 Be7 14.
Bxe7 Qxe7 15. O-O-O b5 16. d5 Bb7 17. d6 Qd7 18. e5 O-O-O 19. Ne4 Kb8 20.
Nc5 Qc8 21. Rg7 Nd7 22. Nxb7 Qxb7 23. Rxf7 Qb6 24. f4 h5 25. Kb1 h4 26. Bh3
Nc5 27. Qf2 Rdg8 28. d7 Nxd7 29. Qd2 Nc5 30. Qd6+ Ka8 31. Bxe6 Nxe6 32. Qxe6
Rg1 33. Rd7 Rxd1+ 34. Rxd1 h3 35. Qf6 Qb8 36. Qxc6+ Qb7 37. Qf6 Qe4+ 38. Ka1
Rc8 39. Qe6 Kb8 40. Qxh3 c3 41. bxc3 Qc4 42. Qd3 Qxc3+ 43. Qxc3 Rxc3 44. e6
Re3 45. f5 a5 46. Rf1 b4 47. f6 Rxe6 48. f7 Rc6 49. f8=Q+ Kb7 50. Rf7+ Kb6
51. Qb8+ Kc5 52. Rf5+ Kc4 53. Qf4+ Kc3 54. Qe3+ Kc4 55. Qe4+ Kc3 56. Rf3+
Kd2 57. Qe3+ Kc2 58. Rf2+ Kd1 59. Qd2# {Black checkmated} 1-0

[Event "ICC Open 2015"]
[Site "Internet Chess Club"]
[Date "2015.05.30"]
[Round "11"]
[White "klodshans"]
[Black "Ira57"]
[Result "1/2-1/2"]
[ICCResult "Black ran out of time and White has no material to mate"]
[WhiteElo "1666"]
[BlackElo "1863"]
[Opening "Queen's pawn"]
[ECO "A40"]
[NIC "QO.17"]
[Time "20:46:11"]
[TimeControl "180+0"]

1. d4 e6 2. Bf4 d5 3. e3 Nf6 4. Nf3 Be7 5. Nbd2 O-O 6. c4 b6 7. a4 a6 8. Be2
Bb7 9. h3 Nbd7 10. O-O c5 11. Qb3 cxd4 12. exd4 dxc4 13. Nxc4 Nd5 14. Bh2 a5
15. Nd6 Bc6 16. Bb5 Bxb5 17. Qxb5 Nb4 18. Ne5 Bxd6 19. Qxd7 Qe7 20. Qxe7
Bxe7 21. Nc4 Nd5 22. Rfc1 Rfc8 23. Nd6 Bxd6 24. Bxd6 f6 25. g3 Kf7 26. Kg2
Ke8 27. Ba3 Kd7 28. Rxc8 Rxc8 29. Rb1 Rc2 30. b4 Ne3+ 31. Kf3 Nc4 32. Bc1
axb4 33. Bf4 Rb2 34. Rxb2 Nxb2 35. Bd2 b3 36. a5 bxa5 37. Bxa5 Nc4 38. Bc3
b2 39. Bxb2 Nxb2 40. Ke4 Kd6 41. f4 Nc4 42. g4 Nb6 43. d5 Nxd5 44. f5 e5 45.
h4 Ne7 46. g5 Kc5 47. gxf6 gxf6 48. h5 h6 49. Kf3 Nxf5 50. Kg4 Ng7 51. Kh4
Nxh5 52. Kxh5 e4 53. Kxh6 Kd4 54. Kg6 e3 55. Kxf6 e2 56. Kf7 e1=Q 57. Kf6
Qe5+ 58. Kf7 Kd5 59. Kg6 Kd6 60. Kf7
{Black ran out of time and White has no material to mate}
1/2-1/2

[Event "ICC Open 2015"]
[Site "Internet Chess Club"]
[Date "2015.05.30"]
[Round "11"]
[White "Mastercito"]
[Black "Gruble"]
[Result "1-0"]
[ICCResult "Black forfeits on time"]
[WhiteElo "2040"]
[BlackElo "1816"]
[Opening "Old Benoni defense"]
[ECO "A43"]
[NIC "OI.09"]
[Time "20:46:55"]
[TimeControl "180+0"]

1. d4 c5 2. c3 d5 3. Nf3 Nf6 4. Bf4 Nc6 5. e3 Bg4 6. Qb3 Qb6 7. dxc5 Qxb3 8.
axb3 Bxf3 9. gxf3 e5 10. Bg3 Bxc5 11. b4 Bb6 12. Bb5 O-O 13. Bxc6 bxc6 14.
Bxe5 Nh5 15. Nd2 Rfe8 16. f4 f6 17. Bd6 Rad8 18. Bc5 Nxf4 19. Rg1 Bxc5 20.
bxc5 Nd3+ 21. Ke2 Nxc5 22. Rxa7 g6 23. h4 d4 24. cxd4 Rxd4 25. h5 g5 26. h6
Rb4 27. f4 Rxb2 28. fxg5 Ne4 29. gxf6+ Kh8 30. Rgg7 Rxd2+ 31. Ke1 Nxf6 32.
Kxd2 Rg8 33. Rgc7 Rg2+ 34. Ke1 Rg8 35. Rxc6 Ng4 36. Rcc7
{Black forfeits on time}
1-0

[Event "ICC Open 2015"]
[Site "Internet Chess Club"]
[Date "2015.05.30"]
[Round "11"]
[White "PADILLON2189"]
[Black "blackending"]
[Result "1-0"]
[ICCResult "Black forfeits on time"]
[WhiteElo "2052"]
[BlackElo "1748"]
[Opening "King's Indian: orthodox, 7...Nbd7"]
[ECO "E94"]
[NIC "KI.12"]
[Time "20:45:52"]
[TimeControl "180+0"]

1. d4 Nf6 2. c4 g6 3. Nf3 Bg7 4. Nc3 d6 5. e4 O-O 6. Be2 Nbd7 7. O-O e5 8.
d5 a5 9. h3 Nc5 10. Qc2 Nfd7 11. Be3 b6 12. Nd2 f5 13. f3 f4 14. Bf2 Kh8 15.
b3 Nf6 16. a3 Bd7 17. b4 axb4 18. axb4 Rxa1 19. Rxa1 Nb7 20. c5 bxc5 21.
bxc5 Nxc5 22. Bxc5 dxc5 23. Na4 Nh5 24. Nxc5 Ng3 25. Nf1 Nxf1 26. Bxf1 Bc8
27. Ra8 Qg5 28. Kh1 Qg3 29. Nd3 Bxh3 30. Rxf8+ Bxf8 31. gxh3 Qxf3+ 32. Bg2
Qe3 33. Nxe5 Bc5 34. Nf3 Qa3 35. Qd1 Be3 36. e5 Qe7 37. d6 cxd6 38. exd6 Qd7
39. Ne5 Qe6 40. d7 Bb6 41. d8=Q+ Bxd8 42. Qxd8+ Kg7 43. Qd7+ Qxd7 44. Nxd7
Kf7 45. Bc6 Ke6 46. Kg2 g5 47. Nf8+ Kf5 48. Ba4 g4 49. Bc2+ Kg5 50. Nxh7+
Kh4 51. hxg4 {Black forfeits on time} 1-0

[Event "ICC Open 2015"]
[Site "Internet Chess Club"]
[Date "2015.05.30"]
[Round "11"]
[White "Asmodeus"]
[Black "airantrobo"]
[Result "1-0"]
[ICCResult "Black forfeits on time"]
[WhiteElo "1899"]
[BlackElo "1646"]
[Opening "Sicilian: Alapin's variation (2.c3)"]
[ECO "B22"]
[NIC "SI.46"]
[Time "20:46:11"]
[TimeControl "180+0"]

1. e4 c5 2. c3 d5 3. exd5 Qxd5 4. d4 cxd4 5. cxd4 e5 6. dxe5 Qxd1+ 7. Kxd1
Nc6 8. Nf3 Bg4 9. Be2 O-O-O+ 10. Nbd2 Bc5 11. Ke1 Nge7 12. h3 Be6 13. Ne4
Bb6 14. Bg5 Rhe8 15. Nd6+ Rxd6 16. exd6 Nd5 17. Rc1 f6 18. Bd2 Kd7 19. Kf1
Kxd6 20. g3 Kd7 21. Bb5 a6 22. Bc4 Ndb4 23. Bxe6+ Rxe6 24. Bxb4 Nxb4 25. a3
Nd3 26. Rd1 Rd6 27. Rd2 Bxf2 28. Ke2 Nc1+ 29. Kxf2 Rxd2+ 30. Nxd2 Nd3+ 31.
Ke3 Nxb2 32. Rb1 Na4 33. Rxb7+ Kc6 34. Rxg7 Nc5 35. Rxh7 Ne6 36. Rh6 Ng5 37.
Rxf6+ Kb5 38. Rf5+ Ka4 39. Rxg5 Kxa3 40. Ra5+ Kb4 41. Rxa6 Kb5 42. Rd6 Kc5
43. Rd4 Kc6 44. Kd3 {Black forfeits on time} 1-0

[Event "ICC Open 2015"]
[Site "Internet Chess Club"]
[Date "2015.05.30"]
[Round "11"]
[White "WayTooRighteous"]
[Black "VoltesV"]
[Result "1-0"]
[ICCResult "Black forfeits on time"]
[WhiteElo "1974"]
[BlackElo "1609"]
[Opening "King's Indian: Torre attack"]
[ECO "A45"]
[NIC "QP.01"]
[Time "20:46:14"]
[TimeControl "180+0"]

1. d4 Nf6 2. Bg5 g6 3. Nf3 Bg7 4. Nbd2 d5 5. e3 O-O 6. c3 Bf5 7. Be2 Ne4 8.
Bf4 Nd7 9. Nxe4 dxe4 10. Nd2 e5 11. Bg3 Re8 12. Qb3 exd4 13. cxd4 Nb6 14.
O-O c6 15. a4 Be6 16. Qc2 f5 17. a5 Nd5 18. Bc4 Kh8 19. Bxd5 Bxd5 20. Nc4 g5
21. Nd6 f4 22. Nxe8 fxg3 23. Nxg7 gxh2+ 24. Kh1 Kxg7 25. b4 a6 26. Qe2 Kg6
27. Qg4 h5 28. Qg3 Qe7 29. Rab1 Bc4 30. Rfc1 Bd3 31. Rb2 Rf8 32. d5 cxd5 33.
Rc7 Qf6 34. Rd2 h4 35. Qg4 Rf7 36. Rxf7 Qxf7 37. Kxh2 Qc7+ 38. g3 hxg3+ 39.
Qxg3 Qc1 40. Ra2 Bc4 41. Qd6+ Kf5 42. Qf8+ Kg6 43. Qg8+ Kf5 44. Qf7+ Kg4 45.
Qe6+ Kh5 46. Ra4 Qf1 47. Qh3+ Qxh3+ 48. Kxh3 g4+ 49. Kg3 Kg5 50. Ra1 Kf5 51.
Rh1 Kg5 52. Rh8 Be2 53. Rb8 Kf5 54. Rxb7 {Black forfeits on time} 1-0

[Event "ICC Open 2015"]
[Site "Internet Chess Club"]
[Date "2015.05.30"]
[Round "11"]
[White "Mighty-Penguin"]
[Black "Shafkat"]
[Result "1-0"]
[ICCResult "Black forfeits on time"]
[WhiteElo "2034"]
[BlackElo "1657"]
[Opening "QGD: Albin counter-gambit"]
[ECO "D08"]
[NIC "QG.02"]
[Time "20:45:54"]
[TimeControl "180+0"]

1. d4 d5 2. c4 e5 3. dxe5 d4 4. Nf3 Nc6 5. a3 Nge7 6. g3 Ng6 7. Bf4 Nxf4 8.
gxf4 Bf5 9. Bg2 Be7 10. O-O Qd7 11. Qa4 Bh3 12. e3 Bxg2 13. Kxg2 Qg4+ 14.
Kh1 Qxf3+ 15. Kg1 Qg4+ 16. Kh1 O-O 17. Nd2 Bc5 18. Rg1 Qe6 19. Ne4 Be7 20.
Qc2 Rad8 21. Rad1 dxe3 22. fxe3 Rxd1 23. Rxd1 f5 24. Ng3 Bc5 25. Qe2 a5 26.
Rg1 Rf7 27. Nh5 g6 28. Nf6+ Rxf6 29. exf6 Qxf6 30. Re1 b6 31. Qd3 Qd6 32.
Qc2 Qe6 33. e4 fxe4 34. Qxe4 Qxe4+ 35. Rxe4 Kf7 36. Kg2 Kf6 37. Re1 Nd4 38.
Rd1 Nb3 39. Rd3 Nd4 40. b4 axb4 41. axb4 Bxb4 42. Rxd4 c5 43. Rd6+ Kf5 44.
Rxb6 Ke4 45. Rb7 Kd4 46. Rxh7 Kxc4 47. Rh6 Kb3 48. Rxg6 c4 49. Rc6 c3 50. f5
c2 51. f6 Kb2 52. Kf3 c1=Q 53. Rxc1 Kxc1 54. h4 Kd2 55. h5 Kd3 56. h6 Bf8
57. h7 Bh6 58. h8=Q Be3 59. Qh7+ Kd4 60. Qe4+ {Black forfeits on time} 1-0

[Event "ICC Open 2015"]
[Site "Internet Chess Club"]
[Date "2015.05.30"]
[Round "11"]
[White "TheLoneKing1"]
[Black "Svinotigr"]
[Result "1-0"]
[ICCResult "Black forfeits on time"]
[WhiteElo "1849"]
[BlackElo "1691"]
[Opening "King's pawn opening"]
[ECO "B07"]
[NIC "VO.17"]
[Time "20:46:32"]
[TimeControl "180+0"]

1. e4 d6 2. Nf3 Nd7 3. Nc3 e5 4. d4 Qe7 5. Be3 c6 6. h3 g6 7. Qd3 Bg7 8.
O-O-O h5 9. Be2 Ngf6 10. dxe5 dxe5 11. Qc4 O-O 12. g4 Re8 13. gxh5 Nxh5 14.
Bg5 Bf6 15. Bxf6 Qxf6 16. Rhg1 Nf8 17. h4 b5 18. Qc5 b4 19. Qxb4 a5 20. Qa3
Ba6 21. Ng5 Nf4 22. Bxa6 Rxa6 23. Kb1 Rb8 24. Rd7 Rab6 25. b3 Nxd7 26. f3
Rb4 27. Qxa5 Nf8 28. Qc7 N8e6 29. Nxe6 Nxe6 30. Qd6 Rd8 31. Qxb4 Qxf3 32.
Qe7 {Black forfeits on time} 1-0

[Event "ICC Open 2015"]
[Site "Internet Chess Club"]
[Date "2015.05.30"]
[Round "11"]
[White "ShadowLike"]
[Black "haimw"]
[Result "0-1"]
[ICCResult "White forfeits on time"]
[WhiteElo "2158"]
[BlackElo "1927"]
[Opening "Sicilian: Smith-Morra gambit"]
[ECO "B21"]
[NIC "SI.48"]
[Time "20:46:28"]
[TimeControl "180+0"]

1. e4 c5 2. d4 cxd4 3. c3 d3 4. Bxd3 d6 5. f4 g6 6. Nf3 Bg7 7. O-O Nf6 8.
Kh1 O-O 9. Be3 Nc6 10. Nbd2 Bd7 11. Qe1 e5 12. f5 d5 13. exd5 Nxd5 14. Bg5
f6 15. Bh4 Bxf5 16. Bc4 Be6 17. Ne4 g5 18. Bxg5 fxg5 19. Nexg5 Qe7 20. Nxe6
Qxe6 21. Rd1 Nce7 22. Qh4 Kh8 23. Ng5 Qg6 24. Bd3 Rxf1+ 25. Bxf1 Nf5 26. Qe4
Qxg5 27. Qxd5 Ne3 28. Qxb7 Rf8 29. Re1 Nxf1 30. Kg1 Ne3 31. Qe4 Ng4 32. h4
Qxh4 {White forfeits on time} 0-1

[Event "ICC Open 2015"]
[Site "Internet Chess Club"]
[Date "2015.05.30"]
[Round "11"]
[White "Moritex"]
[Black "SirHarmony"]
[Result "1-0"]
[ICCResult "Black forfeits on time"]
[WhiteElo "1753"]
[BlackElo "1555"]
[Opening "Bishop's opening"]
[ECO "C23"]
[NIC "IG.04"]
[Time "20:46:24"]
[TimeControl "180+0"]

1. e4 e5 2. Bc4 d5 3. Bxd5 Nf6 4. Bb3 Nxe4 5. Qe2 Nf6 6. Qxe5+ Be7 7. Nf3
O-O 8. O-O Nc6 9. Qe2 Bg4 10. c3 Bd6 11. d4 Re8 12. Qd3 Qd7 13. Bc2 Bh5 14.
Bg5 Bg6 15. Qd1 Ne4 16. Be3 Ne7 17. Nbd2 f5 18. Nxe4 fxe4 19. Ne5 Bxe5 20.
dxe5 Qf5 21. f4 Rad8 22. Qe1 Kh8 23. h3 Nd5 24. g4 Qd7 25. f5 Nxe3 26. Qxe3
Qd2 27. Qxe4 Bf7 28. Rad1 Qg5 29. e6 h5 30. Rxd8 {Black forfeits on time}
1-0